 Dungeon Crawl Stone Soup version 0.29-a0-542-g075992c915 (webtiles) character file.

Game seed: 1518368604048350911

27 Fndbld the Skirmisher (level 2, 0/27 HPs)
             Began as a Draconian Berserker on June 3, 2022.
             Was a Follower of Trog.
             Slain by an adder (3 damage)
             ... on level 2 of the Dungeon.
             The game lasted 00:10:50 (730 turns).

Fndbld the Skirmisher (Draconian Berserker)          Turns: 730, Time: 00:10:52

Health: 0/27       AC:  4    Str: 19    XL:     2   Next: 93%
Magic:  2/2        EV: 12    Int:  7    God:    Trog [*.....]
Gold:   54         SH:  0    Dex: 10    Spells: 1/1 levels left

rFire   . . .      SeeInvis .   j - +0 whip
rCold   . . .      Faith    .   (no shield)
rNeg    . . .      Spirit   .   (body armour unavailable)
rPois   .          Reflect  .   (helmet restricted)
rElec   .          Harm     .   (no cloak)
rCorr   .          Rampage  .   (no gloves)
Will    .....                   (no boots)
Stlth   +.........              (no amulet)
HPRegen 0.09/turn               (no ring)
MPRegen 0.08/turn               (no ring)

@: lethally poisoned (0 -> -5)
A: AC +4, unfitting armour, cold-blooded
a: Renounce Religion, Berserk


You were on level 2 of the Dungeon.
You worshipped Trog.
Trog was aware of your devotion.
You visited 1 branch of the dungeon, and saw 2 of its levels.

You collected 54 gold pieces.

Inventory:

Hand Weapons
 a - a +0 hand axe
 b - a +0 spear
 c - a +0 dagger
 e - a +0 dagger
 f - a +0 club
 j - a +0 whip (weapon)
 m - a +0 club
Missiles
 d - 5 stones (quivered)
Armour
 g - a +0 leather armour
 h - a +0 chain mail
 k - a +0 leather armour
 l - a +0 leather armour
Jewellery
 n - a ring of see invisible
Potions
 i - a potion of flight {unknown}


   Skills:
 + Level 3.6 Fighting
 + Level 3.4 Axes
 + Level 3.1 Dodging
 + Level 0.2 Stealth


You had one spell level left.
You didn't know any spells.
Your spell library contained the following spells:

 Spells                   Type           Power      Damage    Failure   Level
 Ozocubu's Armour         Ice            0%         N/A       80%         3
 Ozocubu's Refrigeration  Ice            0%         4d5       100%        7


Dungeon Overview and Level Annotations

Branches:
Dungeon (2/15)

Altars:


Innate Abilities, Weirdness & Mutations

Your plain brown scales are hard. (AC +4)
You cannot fit into any form of body armour.
You are cold-blooded and may be slowed by cold attacks.


Message History

The kobold closely misses you. The adder closely misses you.
You hit the kobold.
Your tail-slap misses the kobold.
The kobold is moderately wounded.
You feel sick. The adder barely misses you. The kobold barely misses you.
The adder bites you but does no damage. The adder bites you.
You are more poisoned.
The adder poisons you!
You hit the kobold but do no damage.
The kobold is moderately wounded.
You feel sick. The adder closely misses you.
The kobold hits you but does no damage. The adder bites you.
You are lethally poisoned!
The adder poisons you!
You hit the kobold.
You kill the kobold!
Trog accepts your kill.
You feel very sick. The adder barely misses you. The adder closely misses you.
The adder bites you but does no damage.
You hit the adder.
Your tail-slap misses the adder.
The adder is moderately wounded.
You feel sick.
The adder bites you but does no damage. x2
The adder completely misses you.
You closely miss the adder.
The adder is moderately wounded.
* * * LOW HITPOINT WARNING * * *
You feel very sick. The adder barely misses you.
The adder bites you but does no damage.
You hit the adder.
The adder is moderately wounded.
* * * LOW HITPOINT WARNING * * *
You feel sick. The adder bites you but does no damage.
The adder closely misses you. x2
You hit the adder.
The adder is almost dead.
* * * LOW HITPOINT WARNING * * *
You feel sick. The adder misses you. The adder bites you.
* * * LOW HITPOINT WARNING * * *
The adder bites you.
You die...

.######.#$
.....<...
....(....## .#
..........# ..#
........#.#...#
........#.#...#
......S)#.#...#
......S@.....#
.............#
########.....##.
########........
#...............
#.......##......
#.......# #.....
###+ #.......#
..... #....
#.......# .##.


You could see 2 adders.

Vanquished Creatures
  A dart slug (D:1)
  4 goblins
  6 hobgoblins
  A quokka (D:1)
  2 bats (D:1)
  5 kobolds
  5 rats
24 creatures vanquished.

Notes
Turn   | Place    | Note
-------+----------+-------------------------------------------
     0 | D:1      | Fndbld the Draconian Berserker began the quest for the Orb.
     0 | D:1      | Reached XP level 1. HP: 19/19 MP: 1/1
   244 | D:1      | Reached XP level 2. HP: 25/26 MP: 2/2
   730 | D:2      | Slain by an adder

Illustrated notes

Levels and vault maps discovered:
D:1:      dpeg_arrival_connections, layout_loops_ring,
          chequers_serial_rivers_micro_e, minmay_misc_feat_hallway,
          roderic_lattice_a
D:2:      layout_basic, shapermc_ecumenical_altar_hornbeckon,
          minmay_misc_feat_encased, uniq_natasha

Skill      XL: |  1  2 |
---------------+-------+-----
Dodging        | 3 |  3.1
Fighting       | |  3.6
Axes           | |  3.4
Stealth        | |  0.2

Action                   || total
-------------------------++-------
Melee: Hand axe          ||    53
       Tailslap          ||     3
       Whip              ||    12
  Use: Scroll            ||     1
       Potion            ||     1
Armor: Skin              ||    21
Dodge: Dodged            ||    43

Table legend: (Time is in decaauts)
 A = Elapsed time spent in this place.
 B = Non-inter-level travel time spent in this place.
 C = Inter-level travel time spent in this place.
 D = Time resting spent in this place.
 E = Time spent auto-exploring this place.
 F = Levels seen in this place.
 G = Mean time per level.
                   A        B        C        D        E       F      G
               +--------+--------+--------+--------+--------+-----+--------+
         Total |    737 |    188 |    549 |      0 |      0 |   2 |  368.5 |
       Dungeon |    737 |    188 |    549 |      0 |      0 |   2 |  368.5 |
               +--------+--------+--------+--------+--------+-----+--------+

Top non-repeatable levels by time:
     D:1: 626 daAuts
     D:2: 111 daAuts
